 Dungeon Crawl Stone Soup version 0.29.1-1-gd02db69 (webtiles) character file.

Game seed: 10538772047763553666

231 Timinator the Insei (level 5, -4/41 HPs)
             Began as a Demigod Transmuter on Dec 19, 2022.
             Slain by an ice beast (14 damage)
             ... on level 4 of the Dungeon.
             The game lasted 00:07:35 (3874 turns).

Timinator the Insei (Demigod Transmuter)            Turns: 3874, Time: 00:07:37

Health: -4/41      AC:  5    Str: 11    XL:     5   Next: 44%
Magic:  11/11      EV: 11    Int: 15    God:
Gold:   118        SH:  0    Dex: 18    Spells: 7/8 levels left

rFire   . . .      SeeInvis .     - Unarmed
rCold   . . .      Faith    .   (no shield)
rNeg    . . .      Spirit   .   k - +0 ring mail
rPois   .          Reflect  .   (helmet currently unavailable)
rElec   .          Harm     .   (no cloak)
rCorr   .          Rampage  .   (no gloves)
Will    .....                   (boots currently unavailable)
Stlth   +.........              d - amulet of the acrobat
HPRegen 0.13/turn               (no ring)
MPRegen 0.12/turn               (no ring)

@: appendages (expiring)
A: horns 2, talons 2, high MP 1, forlorn, divine attributes
a: End Transformation


You were on level 4 of the Dungeon.
You had temporarily grown beastly horns and talons.
You visited 1 branch of the dungeon, and saw 4 of its levels.

You collected 118 gold pieces.

Inventory:

Armour
 a - a +0 robe
 k - a +0 ring mail (worn)
Jewellery
 d - an amulet of the acrobat (around neck)
Scrolls
 c - 2 scrolls of amnesia {unknown}
 e - a scroll of identify {unknown}
 f - 3 scrolls of poison {unknown}
 l - a scroll of enchant armour {unknown}
Potions
 b - 2 potions of lignification
 g - 4 potions of might {unknown}
 h - 2 potions of heal wounds {unknown}
 i - a potion of brilliance {unknown}
 j - 2 potions of attraction {unknown}


   Skills:
 * Level 1.9 Fighting
 * Level 1.6 Armour
 * Level 2.7 Dodging
 + Level 3.6 Unarmed Combat
 + Level 2.4 Spellcasting
 * Level 2.9 Transmutations


You had 7 spell levels left.
You knew the following spells:

 Your Spells              Type           Power      Damage    Failure   Level
a - Beastly Appendage     Tmut           20%        N/A       14%         1

Your spell library contained the following spells:

 Spells                   Type           Power      Damage    Failure   Level
 Wereblood                Tmut           10%        N/A       22%         2
 Shock                    Conj/Air       4%         1d3       45%         1
 Spider Form              Tmut/Pois      6%         N/A       63%         3
 Summon Guardian Golem    Hex/Summ       1%         N/A       83%         3
 Swiftness                Air            1%         N/A       83%         3
 Ice Form                 Ice/Tmut       6%         N/A       95%         4
 Airstrike                Air            0%         2d(1-17)  99%         4
 Orb of Destruction       Conj           0%         9d5       100%        7
 Spellforged Servitor     Conj/Summ      0%         N/A       100%        7


Dungeon Overview and Level Annotations

Branches:
Dungeon (4/15)
 Temple: D:4-7


Innate Abilities, Weirdness & Mutations

You have temporarily grown beastly horns and talons.
You have an increased reservoir of magic. (+10% MP)
You shall have no god before yourself.
Your divine heritage dramatically boosts your attributes as you level up.


Message History

The ice beast is lightly wounded.
You closely miss the ice beast. You claw the ice beast.
Your headbutt misses the ice beast.
The ice beast is moderately wounded.
The ice beast hits you. The ice beast freezes you.
You hit the ice beast but do no damage.
The ice beast is moderately wounded.
The ice beast hits you. The ice beast freezes you!
You hit the ice beast. You claw the ice beast.
The ice beast is moderately wounded.
The ice beast hits you but does no damage.
You hit the ice beast.
You claw the ice beast, but do no damage.
You headbutt the ice beast!
The ice beast is almost dead.
The ice beast barely misses you.
You closely miss the ice beast.
The ice beast is almost dead.
The ice beast hits you but does no damage.
You completely miss the ice beast. You claw the ice beast.
Your headbutt misses the ice beast.
The ice beast is almost dead.
Your transformation is almost over.
The ice beast misses you.
You hit the ice beast but do no damage.
The ice beast is almost dead.
The ice beast hits you but does no damage.
You barely miss the ice beast.
You claw the ice beast, but do no damage.
The ice beast is almost dead.
The ice beast hits you. The ice beast freezes you!
* * * LOW HITPOINT WARNING * * *
You barely miss the ice beast.
You claw the ice beast, but do no damage.
Your punch misses the ice beast.
The ice beast is almost dead.
The ice beast hits you.
* * * LOW HITPOINT WARNING * * *
The ice beast freezes you!
You die...

## .. #.. ... ##..
....# ..... ##...##
#....#####.....# ≈≈
#......(......## ~~≈
##...Y@........# ....
#..........##..###.~~≈
#..##......##...#..~≈≈
<...................~≈≈
....................~≈≈
...$........##.<....~~~
..#........#####.......
. ##......## ##.....
#......# ....


You could see an ice beast.

Vanquished Creatures
  An orc wizard (D:3)
  Natasha (thrice) (D:2)
  A gnoll (D:3)
  6 adders
  3 dart slugs
  5 orcs (D:3)
  8 endoplasms
  A goblin (D:3)
  8 hobgoblins
  10 kobolds
  5 ball pythons
  10 bats
  2 frilled lizards
  3 rats
66 creatures vanquished.

Notes
Turn   | Place    | Note
-------+----------+-------------------------------------------
     0 | D:1      | Timinator the Demigod Transmuter began the quest for the
                  | Orb.
     0 | D:1      | Reached XP level 1. HP: 15/15 MP: 5/5
   202 | D:1      | Reached skill level 1 in Fighting
   543 | D:1      | Reached XP level 2. HP: 16/23 MP: 5/7
   931 | D:1      | Reached skill level 3 in Unarmed Combat
  1715 | D:2      | Reached XP level 3. HP: 25/28 MP: 6/8
  1905 | D:2      | Reached skill level 1 in Armour
  2035 | D:2      | Noticed Natasha
  2046 | D:2      | Killed Natasha
  2047 | D:2      | Reached XP level 4. HP: 14/35 MP: 9/9
  2106 | D:2      | Noticed Natasha
  2234 | D:2      | Killed Natasha
  2264 | D:2      | Noticed Natasha
  2277 | D:2      | Killed Natasha
  2874 | D:3      | Reached XP level 5. HP: 35/41 MP: 11/11
  3859 | D:4      | Noticed an ice beast
  3874 | D:4      | Slain by an ice beast

Illustrated notes

Levels and vault maps discovered:
D:1:      lemuel_arrival_river_ford, layout_loops_corners
D:2:      layout_basic, ebering_ecumenical_altar_box, uniq_natasha
D:3:      layout_basic
D:4:      layout_layer_cave, minivault_14, chequers_mini_garden,
          dk_rats_in_the_wall

Skill      XL: |  1  2  3 |
---------------+----------+-----
Fighting       | 1 |  1.9
Dodging        | 2 |  2.7
Transmutations | 2 |  2.9
Unarmed Combat | 3 |  3.6
Spellcasting   | 2 |  2.4
Armour         | 1 |  1.6

Action                   |  1- 3 |  4- 6 || total
-------------------------+-------+-------++-------
Melee: Unarmed           |    87 |    99 ||   186
       Kick              |    19 |    26 ||    45
       Headbutt          |     9 |    13 ||    22
       Punch             |     3 |     3 ||     6
 Cast: Beastly Appendage |    19 |    15 ||    34
 Stab: Sleeping          |     1 |     1 ||     2
Armor: Robe              |     8 |       ||     8
       Ring mail         |       |    28 ||    28
Dodge: Dodged            |    61 |    51 ||   112
